[Event "75th Argentine Women-ch 2024"]
[Site "Buenos Aires"]
[Date "2024.11.29"]
[Round "9.1"]
[White "Adam, Ernestina"]
[Black "Bossero, Ingrid"]
[Result "1-0"]
[ECO "C54"]
[WhiteElo "2154"]
[BlackElo "1694"]
[Annotator "RC"]
[PlyCount "115"]
[EventDate "2024.11.21"]
[EventType "swiss"]
[EventCountry "ARG"]
[SourceTitle "playchess.com"]
[Source "ChessBase"]
[SourceQuality "1"]
[TimeControl "5400+30"]

1. e4 e5 2. Nf3 Nc6 3. Bc4 Bc5 4. O-O Nf6 5. d3 O-O 6. Re1 d6 7. c3 Bb6 8. a4 a6 9. h3 Be6 10. Bxe6 fxe6 11. Nbd2 Qe8 12. Nf1 Nh5 13. Be3 Bxe3 14. fxe3 Qg6 15. Kh2 Rae8 16. b4 Nf6 17. b5 Nb8 18. Qc2 a5 19. N1d2 b6 20. d4 Nbd7 21. Rad1 Qh6 22. Kg1 g5 23. Nh2 Rf7 24. Ndf3 Rg7 25. dxe5 dxe5 26. Ng4 Nxg4 27. hxg4 Rf7 28. Rf1 Qg7 29. Nh2 Rxf1+ 30. Nxf1 Nf6 31. Nh2 Qg6 32. c4 Nxe4 33. Nf3 Nc5 34. Qxg6+ hxg6 35. Nxe5 Kg7 36. Nc6 Rf8 37. Ra1 Rf7 38. Ne5 Re7 39. Nf3 Kh6 40. Kf2 Rd7 41. Rh1+ Kg7 42. Nxg5 Rd2+ 43. Kf3 Ra2 44. Rh7+ Kf6 45. Ne4+ Nxe4 46. Kxe4 Rxa4 47. Rxc7 Rb4 48. Kd4 Rb1 49. Rc6 a4 50. Rxb6 a3 51. Ra6 Ra1 52. Kc5 a2 53. b6 Ke5 54. b7 Rb1 55. Kc6 a1=Q 56. Rxa1 Rxa1 57. b8=Q+ Ke4 58. Qf4+ 1-0

[Event "75th Argentine Women-ch 2024"]
[Site "Buenos Aires"]
[Date "2024.11.29"]
[Round "9.2"]
[White "Maggiolo, Elisa"]
[Black "Campos, Maria Jose"]
[Result "0-1"]
[ECO "C58"]
[WhiteElo "1922"]
[BlackElo "2272"]
[Annotator "RC"]
[PlyCount "71"]
[EventDate "2024.11.21"]
[EventType "swiss"]
[EventCountry "ARG"]
[SourceTitle "playchess.com"]
[Source "ChessBase"]
[SourceQuality "1"]
[TimeControl "5400+30"]

1. e4 e5 2. Nf3 Nc6 3. Bc4 Nf6 4. Ng5 d5 5. exd5 Na5 6. Bb5+ c6 7. dxc6 bxc6 8. Bd3 Nd5 9. Nf3 Bd6 10. O-O Nf4 11. Re1 Nxd3 12. cxd3 O-O 13. Nxe5 c5 14. Nf3 Nc6 15. h3 Bf5 16. Nc3 Bxd3 17. a3 Rc8 18. b3 Re8 19. Bb2 Nd4 20. Re3 Bc2 21. Qf1 Rxe3 22. dxe3 Nxf3+ 23. gxf3 Bxb3 24. Ne4 Bf8 25. Qa6 Rb8 26. Qxa7 Be6 27. Be5 Ra8 28. Qb7 Bxh3 29. a4 Qe8 30. a5 Qxe5 31. Qxa8 Qxa1+ 32. Kh2 Qf1 33. Kg3 Qg2+ 34. Kf4 Qh2+ 35. Ng3 Qxf2 36. Ke5 0-1

[Event "75th Argentine Women-ch 2024"]
[Site "Buenos Aires"]
[Date "2024.11.29"]
[Round "9.3"]
[White "Bosco, Giuliana"]
[Black "Zuriel, Marisa"]
[Result "1-0"]
[ECO "B81"]
[WhiteElo "1953"]
[BlackElo "2163"]
[Annotator "RC"]
[PlyCount "134"]
[EventDate "2024.11.21"]
[EventType "swiss"]
[EventCountry "ARG"]
[SourceTitle "playchess.com"]
[Source "ChessBase"]
[SourceQuality "1"]
[TimeControl "5400+30"]

1. e4 c5 2. Nf3 d6 3. d4 cxd4 4. Nxd4 Nf6 5. Nc3 a6 6. h3 e6 7. g4 h6 8. f4 d5 9. e5 Nfd7 10. Be3 Be7 11. Qe2 Bh4+ 12. Bf2 Nc6 13. O-O-O Bxf2 14. Qxf2 Qc7 15. Bg2 Nb6 16. Rhf1 Nxd4 17. Qxd4 Bd7 18. f5 Bc6 19. fxe6 fxe6 20. Rf2 O-O-O 21. Rdf1 Rd7 22. b3 Kb8 23. a4 Rhd8 24. Ne2 Re7 25. Nf4 Be8 26. Re1 Rc8 27. Kb2 Bxa4 28. Ng6 Ree8 29. Qb4 Bb5 30. Bf1 Bxf1 31. Rexf1 a5 32. Qd6 Qxd6 33. exd6 Rcd8 34. Rf7 Rxd6 35. Ne5 Rg8 36. Ra1 a4 37. bxa4 d4 38. a5 Rd5 39. Ng6 Rb5+ 40. Kc1 Nd5 41. a6 bxa6 42. Rxa6 Rc8 43. Ne5 Rc7 44. Rf8+ Kb7 45. Raa8 Rxc2+ 46. Kxc2 Nb4+ 47. Kd2 Rxe5 48. Rfb8+ Kc6 49. Rxb4 Re3 50. Rxd4 Rxh3 51. Re8 Kc5 52. Re4 h5 53. g5 Rg3 54. R8xe6 h4 55. R6e5+ Kd6 56. Re3 Rg4 57. Rf5 Rg2+ 58. Ke1 Rg4 59. Kf2 Ra4 60. Kf3 Rb4 61. Rf4 Rb5 62. Kg4 h3 63. Rxh3 Re5 64. Rh7 Re7 65. Kh5 Ke5 66. Rf1 Ra7 67. Kg6 Kd5 1-0

[Event "75th Argentine Women-ch 2024"]
[Site "Buenos Aires"]
[Date "2024.11.29"]
[Round "9.4"]
[White "Alvarez, Mia Morena"]
[Black "Brizzi, Milagros Tatiana"]
[Result "0-1"]
[ECO "B13"]
[WhiteElo "1653"]
[BlackElo "2114"]
[Annotator "RC"]
[PlyCount "82"]
[EventDate "2024.11.21"]
[EventType "swiss"]
[EventCountry "ARG"]
[SourceTitle "playchess.com"]
[Source "ChessBase"]
[SourceQuality "1"]
[TimeControl "5400+30"]

1. e4 c6 2. d4 d5 3. exd5 cxd5 4. Bd3 Nc6 5. c3 Nf6 6. h3 e5 7. dxe5 Nxe5 8. Nf3 Nxd3+ 9. Qxd3 Be7 10. O-O O-O 11. Nbd2 b6 12. Nb3 a5 13. Nbd4 Ba6 14. Nb5 a4 15. Rd1 Qd7 16. c4 Bc5 17. Bg5 Qc6 18. Na3 dxc4 19. Qc2 c3 20. Nd4 Bxd4 21. Rxd4 cxb2 22. Qxb2 Bb7 23. f3 Ra5 24. Rc4 Rc5 25. Bxf6 gxf6 26. Rac1 Re8 27. Qf2 Ba6 28. Rxc5 bxc5 29. Rxc5 Qd6 30. Nb5 Re1+ 31. Qxe1 Qxc5+ 32. Kh1 Bxb5 33. Qg3+ Qg5 34. Qb8+ Kg7 35. Qc7 h5 36. f4 Qd5 37. Qc2 a3 38. Qf2 Qd3 39. Kh2 Bc4 40. h4 Kh7 41. f5 Bd5 0-1

[Event "75th Argentine Women-ch 2024"]
[Site "Buenos Aires"]
[Date "2024.11.29"]
[Round "9.5"]
[White "Montiel Marin, Micaela Agustina"]
[Black "Nejanky, Maisa"]
[Result "1/2-1/2"]
[ECO "A20"]
[WhiteElo "1880"]
[BlackElo "1928"]
[Annotator "RC"]
[PlyCount "79"]
[EventDate "2024.11.21"]
[EventType "swiss"]
[EventCountry "ARG"]
[SourceTitle "playchess.com"]
[Source "ChessBase"]
[SourceQuality "1"]
[TimeControl "5400+30"]

1. c4 e5 2. g3 Nf6 3. Bg2 d5 4. cxd5 Nxd5 5. Nf3 Nc6 6. O-O Be6 7. b3 Be7 8. Bb2 f6 9. Nc3 Qd7 10. Qc1 g5 11. Rd1 O-O-O 12. d4 Nxc3 13. Bxc3 g4 14. d5 gxf3 15. Bxf3 Nd4 16. Bxd4 exd4 17. dxe6 Qxe6 18. Qf4 Qe5 19. Qe4 Qxe4 20. Bxe4 c5 21. Rac1 Kc7 22. a4 b6 23. Kg2 h6 24. e3 dxe3 25. fxe3 Rhe8 26. Kf3 Bd6 27. Rd5 Re5 28. Rcd1 Rxd5 29. Rxd5 Re8 30. Rh5 Bf8 31. Kf4 Bd6+ 32. Kf3 Bf8 33. Kf4 Bd6+ 34. Kf3 Bf8 35. Kf4 Bd6+ 36. Kf3 Bf8 37. Bd5 Kd6 38. e4 Re5 39. Rxe5 Kxe5 40. Bc4 1/2-1/2

[Event "75th Argentine Women-ch 2024"]
[Site "Buenos Aires"]
[Date "2024.11.29"]
[Round "9.6"]
[White "Ramirez, Marysol"]
[Black "Gaite, Karen Nerina"]
[Result "1/2-1/2"]
[ECO "D02"]
[WhiteElo "1824"]
[BlackElo "1997"]
[Annotator "RC"]
[PlyCount "52"]
[EventDate "2024.11.21"]
[EventType "swiss"]
[EventCountry "ARG"]
[SourceTitle "playchess.com"]
[Source "ChessBase"]
[SourceQuality "1"]
[TimeControl "5400+30"]

1. d4 d5 2. Bf4 c5 3. e3 Nc6 4. Nf3 Nf6 5. c3 Qb6 6. Qc2 cxd4 7. exd4 g6 8. Bd3 Bg7 9. Nbd2 Bd7 10. O-O Rc8 11. a3 O-O 12. Rab1 Na5 13. Rfe1 Rfe8 14. b3 Nc6 15. h3 Ne4 16. Nxe4 dxe4 17. Bxe4 Nxd4 18. Nxd4 Bxd4 19. c4 Bc6 20. Be3 e5 21. Bxc6 Rxc6 22. Bxd4 Qxd4 23. Rbd1 Qc5 24. Rd7 Rc7 25. Rxc7 Qxc7 26. Qe4 Re6 1/2-1/2

[Event "75th Argentine Women-ch 2024"]
[Site "Buenos Aires"]
[Date "2024.11.29"]
[Round "9.7"]
[White "Manzoni, Camila"]
[Black "Perez Lascano, Lucila"]
[Result "0-1"]
[ECO "A48"]
[WhiteElo "1521"]
[BlackElo "1593"]
[Annotator "NA RC"]
[PlyCount "116"]
[EventDate "2024.11.21"]
[EventType "swiss"]
[EventCountry "ARG"]
[SourceTitle "playchess.com"]
[Source "ChessBase"]
[SourceQuality "1"]
[TimeControl "5400+30"]

1. d4 Nf6 2. Bf4 g6 3. Nf3 Bg7 4. e3 O-O 5. Be2 d6 6. c3 Nbd7 7. h3 Qe8 8. O-O e5 9. dxe5 dxe5 10. Bh2 e4 11. Nfd2 Ne5 12. Nc4 Nxc4 13. Bxc4 Qc6 14. Qb3 Bd7 15. Rd1 a6 16. Nd2 b5 17. Be2 Be6 18. Qc2 Rad8 19. Nb3 Bc4 20. Na5 Qc5 21. Nxc4 bxc4 22. Rd2 Qc6 23. Rad1 Rxd2 24. Rxd2 Nd7 25. Qd1 Ne5 26. Rd8 Nd3 27. Rxf8+ Bxf8 28. Qc2 Qf6 29. Bxd3 cxd3 30. Qd1 Bd6 31. Bxd6 Qxd6 32. Kf1 c5 33. b3 Qh2 34. Ke1 Qg1+ 35. Kd2 Qxf2+ 36. Kc1 Qxe3+ 37. Qd2 Qg1+ 38. Kb2 Qf1 39. c4 e3 40. Qc1 Qxc1+ 41. Kxc1 f5 42. g3 g5 43. b4 cxb4 44. Kd1 f4 45. gxf4 gxf4 46. c5 Kf7 47. c6 Ke7 48. c7 Kd7 49. c8=Q+ Kxc8 50. Ke1 d2+ 51. Ke2 a5 52. h4 Kd7 53. h5 Kd6 54. h6 Kd5 55. Kd1 Kd4 56. Ke2 Kc3 57. Kd1 Kd3 58. a3 e2# 0-1

[Event "75th Argentine Women-ch 2024"]
[Site "Buenos Aires"]
[Date "2024.11.29"]
[Round "9.8"]
[White "Amura, Claudia"]
[Black "Macuri, Genesis"]
[Result "1-0"]
[ECO "D00"]
[WhiteElo "2183"]
[BlackElo "1449"]
[Annotator "RC"]
[PlyCount "41"]
[EventDate "2024.11.21"]
[EventType "swiss"]
[EventCountry "ARG"]
[SourceTitle "playchess.com"]
[Source "ChessBase"]
[SourceQuality "1"]
[TimeControl "5400+30"]

1. d4 d5 2. Bg5 Nf6 3. Bxf6 exf6 4. e3 Nc6 5. a3 Qd7 6. c4 dxc4 7. Bxc4 b6 8. Nc3 Bb7 9. Nf3 O-O-O 10. h3 Bd6 11. b4 Rde8 12. Qa4 Qe7 13. Bb5 Nd8 14. Bxe8 Rxe8 15. O-O-O g5 16. Nb5 a6 17. Nxd6+ cxd6 18. d5 Qc7+ 19. Kb2 Re7 20. Rc1 Qxc1+ 21. Rxc1+ 1-0

[Event "75th Argentine Women-ch 2024"]
[Site "Buenos Aires"]
[Date "2024.11.29"]
[Round "9.9"]
[White "Quiroga Ortiz, Isabella"]
[Black "Palomares, Lujan"]
[Result "1/2-1/2"]
[ECO "D05"]
[WhiteElo "1508"]
[BlackElo "1633"]
[Annotator "NA RC"]
[PlyCount "102"]
[EventDate "2024.11.21"]
[EventType "swiss"]
[EventCountry "ARG"]
[SourceTitle "playchess.com"]
[Source "ChessBase"]
[SourceQuality "1"]
[TimeControl "5400+30"]

1. e4 c6 2. d4 d5 3. exd5 cxd5 4. Bd3 Nc6 5. c3 Nf6 6. Nf3 e6 7. O-O Qc7 8. Nbd2 Bd6 9. Re1 O-O 10. Nf1 h6 11. h3 Re8 12. Qb3 Bd7 13. Bd2 Na5 14. Qc2 Rac8 15. Ne3 Nc6 16. a3 e5 17. dxe5 Nxe5 18. Nd4 Nxd3 19. Qxd3 Bc5 20. Rac1 Qb6 21. b4 Bxd4 22. cxd4 Bb5 23. Qb3 Qxd4 24. Bc3 Qd3 25. Red1 Qg6 26. Bxf6 Qxf6 27. Rxc8 Rxc8 28. Nxd5 Qe6 29. Qe3 Qxe3 30. Nxe3 Rc3 31. Rd8+ Kh7 32. Rb8 Bc6 33. a4 a6 34. b5 axb5 35. axb5 Bxb5 36. Rxb7 Be8 37. Re7 Rc8 38. Ng4 Kg6 39. Rb7 f6 40. Rb6 Rc6 41. Rxc6 Bxc6 42. Ne3 h5 43. Kh2 Kg5 44. h4+ Kf4 45. Nf1 g5 46. hxg5 fxg5 47. Ng3 Kg4 48. f3+ Bxf3 49. gxf3+ Kxf3 50. Nxh5 g4 51. Ng3 Kf2 1/2-1/2

[Event "75th Argentine Women-ch 2024"]
[Site "Buenos Aires"]
[Date "2024.11.29"]
[Round "9.10"]
[White "Herrera, Solange"]
[Black "Perez Mosqueda, Valeria Ritzabeth"]
[Result "1-0"]
[ECO "D12"]
[WhiteElo "1880"]
[BlackElo "1476"]
[Annotator "NA RC"]
[PlyCount "69"]
[EventDate "2024.11.21"]
[EventType "swiss"]
[EventCountry "ARG"]
[SourceTitle "playchess.com"]
[Source "ChessBase"]
[SourceQuality "1"]
[TimeControl "5400+30"]

1. d4 d5 2. e3 Nf6 3. c4 Bf5 4. Nc3 e6 5. Nf3 c6 6. cxd5 exd5 7. Bd3 Bxd3 8. Qxd3 Bd6 9. O-O O-O 10. e4 dxe4 11. Nxe4 Nxe4 12. Qxe4 Nd7 13. Bg5 Nf6 14. Qh4 Be7 15. Rfe1 h6 16. Bxf6 Bxf6 17. Qg4 Qb6 18. Ne5 Rad8 19. Nd7 Rxd7 20. Qxd7 Bxd4 21. Re2 Rd8 22. Re8+ Rxe8 23. Qxe8+ Kh7 24. Qxf7 Qxb2 25. Re1 Bb6 26. Qf5+ g6 27. Re7+ Qg7 28. Rxg7+ Kxg7 29. Qd7+ Kf6 30. Qxb7 Ke6 31. Qxc6+ Kf5 32. Kf1 a6 33. h4 g5 34. hxg5 Kxg5 35. f3 1-0